 Dungeon Crawl Stone Soup version 0.21-a0-270-g8204059 (webtiles) character file.

142 Lavandula the Cudgeler (level 5, -1/41 HPs)
             Began as a Ghoul Warper on Sept 14, 2017.
             Killed by divine providence
             ... invoked by an orc priest
              (12 damage)
             ... on level 5 of the Dungeon.
             The game lasted 00:06:01 (922 turns).

Lavandula the Cudgeler (Ghoul Warper)                Turns: 922, Time: 00:06:02

Health: -1/41      AC:  3    Str: 19    XL:     5   Next: 24%
Magic:  3/6        EV: 11    Int:  9    God:
Gold:   86         SH:  0    Dex:  8    Spells: 3/7 levels left

rFire    . . .     SeeInvis .   e - +1 whip (venom)
rCold    + . .     Gourm    .   (no shield)
rNeg     + + +     Faith    .   a - +0 leather armour
rPois    ∞         Spirit   .   (no helmet)
rElec    .         Reflect  .   (no cloak)
rCorr    .         Harm     .   (no gloves)
MR       .....                  (no boots)
Stlth    +.........             (no amulet)
HPRegen  0.00/turn              j - +2 ring of slaying
MPRegen  0.10/turn              n - +4 ring of strength

@: rotting
A: rotting body, claws 1, carnivore 3, cold resistance 1, negative energy
resistance 3, inhibited regeneration, torment resistance, unbreathing
a: no special abilities


You were on level 5 of the Dungeon.
You were not hungry.

You visited 1 branch of the dungeon, and saw 5 of its levels.

You collected 86 gold pieces.

Inventory:

Hand Weapons
 e - a +1 whip of venom (weapon)
 q - a +0 morningstar of draining
Missiles
 d - 5 tomahawks of dispersal (quivered)
 p - 2 tomahawks
Armour
 a - a +0 leather armour (worn)
Jewellery
 j - a +2 ring of slaying (left claw)
 n - a +4 ring of strength (right claw)
 r - an uncursed ring of protection from fire
Scrolls
 c - a scroll of blinking
 l - a scroll of recharging
 o - a scroll of remove curse
Potions
 i - a potion of curing
 k - a potion of mutation {unknown}
 m - a potion of might {unknown}
Books
 b - a book of Spatial Translocations

   Spells                             Type                      Level
   a - Blink                          Translocation                2
   b - Shroud of Golubria             Charms/Translocation         2
   c - Lesser Beckoning               Translocation                3
   d - Gell's Gravitas                Translocation                3
   e - Teleport Other                 Translocation                3
   f - Passage of Golubria            Translocation                4
Comestibles
 f - a meat ration
 h - 2 royal jellies


   Skills:
 - Level 2.2 Fighting
 + Level 4.2 Maces & Flails
 - Level 0.8 Throwing
 - Level 0.8 Armour
 - Level 1.7 Dodging
 - Level 2.1 Unarmed Combat
 - Level 1.8 Spellcasting
 - Level 2.6 Translocations


You had 3 spell levels left.
You knew the following spells:

 Your Spells              Type           Power        Failure   Level  Hunger
a - Blink                 Tloc           N/A          21%         2    ###....
b - Shroud of Golubria    Chrm/Tloc      #.........   34%         2    ###....


Dungeon Overview and Level Annotations

Branches:
Dungeon (5/15)
 Temple: D:4-7

Altars:
Dithmenos

Annotations:
D:4 Sigmund


Innate Abilities, Weirdness & Mutations

Your body is rotting away.
You thrive on raw meat.
You are immune to poison.
You have sharp fingernails.
You are carnivorous and can eat meat at any time.
Your flesh is cold resistant. (rC+)
You are immune to negative energy. (rN+++)
You do not regenerate when monsters are visible.
You are immune to unholy pain and torment.
You can survive without breathing.


Message History

You hit the orc but do no damage.
The orc looks as sick as possible!
You completely miss something. You whack something!
Reactivating autopickup.
Your Maces & Flails skill increases to level 4!
You feel a bit more experienced.
You whack the orc priest!
The orc priest is poisoned.
The orc priest is heavily wounded.
The orc barely misses you.
The crimson imp blinks!
The orc priest hits you with a flail.
* * * LOW HITPOINT WARNING * * *
You closely miss the orc priest.
The orc priest is heavily wounded.
You kill the orc!
You hit the orc priest.
The orc priest looks as sick as possible!
The orc priest is severely wounded.
The orc priest mumbles some strange prayers to Beogh against you.
Beogh smites you!
You die...

#.......# ##..# .....
#..##....####..# .....
..# #........# #.....
..## #........####...>#
#..## #..h...W........#
#...###..#####.†......##
........# ##.........
.<###...# ##o)...... ###
##.## #@.5..... .### #>#
#........ ...###.##
.........
#.......#######.........
###................#####
##......###......#
##....### ..##.##
##......# #.# .#
##.......##


You could see a phantom, an orc priest and a crimson imp.

Vanquished Creatures
  A hound (D:4)
  A centaur skeleton (D:4)
  An orc wizard (D:5)
  A hound skeleton (D:4)
  2 worms
  2 leopard geckos
  8 orcs
  2 bats (D:3)
  2 giant cockroaches
  3 goblins (D:3)
  A hobgoblin (D:3)
  3 jackals (D:5)
  A quokka (D:4)
  A frilled lizard (D:3)
  A kobold (D:2)
  2 rats
32 creatures vanquished.

Notes
Turn   | Place    | Note
-------+----------+-------------------------------------------
     0 | D:1      | Lavandula the Ghoul Warper began the quest for the Orb.
     0 | D:1      | Reached XP level 1. HP: 17/17 MP: 2/2
   143 | D:3      | Reached skill level 1 in Maces & Flails
   143 | D:3      | Reached XP level 2. HP: 23/23 MP: 3/3
   487 | D:3      | Reached skill level 2 in Maces & Flails
   575 | D:3      | Reached XP level 3. HP: 15/29 MP: 4/4
   633 | D:4      | Reached skill level 3 in Maces & Flails
   633 | D:4      | Reached XP level 4. HP: 23/36 MP: 5/5
   637 | D:4      | Learned a level 2 spell: Blink
   640 | D:4      | Learned a level 2 spell: Shroud of Golubria
   683 | D:4      | Found a shadowy altar of Dithmenos.
   838 | D:4      | Noticed Sigmund
   847 | D:5      | Entered Level 5 of the Dungeon
   872 | D:5      | Noticed a phantom
   910 | D:5      | Reached XP level 5. HP: 23/41 MP: 2/6
   919 | D:5      | Reached skill level 4 in Maces & Flails
   922 | D:5      | Killed from afar by an orc priest

Vault maps used:
D:1:      tarquinn_simple_flora_water_a
D:2:      grunt_temple_overflow_forces_of_nature, elyvilon_altar_5
D:4:      grunt_dithmenos_smoke_and_mirrors, old_standard_altar, nrook_uturn,
          uniq_sigmund
D:5:      lemuel_crystal_altar, overflow_temple_1_default,
          nicolae_overflow_hidden_temple, marbit_many_paths, minitemple,
          first_bread, basic_altar, lightli_sewer_entry_pipes,
          cheibrodos_worm_habitat

Skill      XL: |  1  2  3  4  5 |
---------------+----------------+-----
Maces & Flails | 1 2 3 4 |  4.2
Fighting       | |  2.2
Throwing       | |  0.8
Armour         | |  0.8
Dodging        | |  1.7
Unarmed Combat | |  2.1
Spellcasting   | |  1.8
Translocations | |  2.6

Action                   |  1- 3 |  4- 6 || total
-------------------------+-------+-------++-------
Melee: Whip              |    74 |    44 ||   118
       Unarmed           |     4 |       ||     4
       Punch             |     1 |       ||     1
 Cast: Shroud of Golubri |       |     3 ||     3
       Blink             |       |     1 ||     1
  Use: Scroll            |       |     5 ||     5
       Potion            |       |     1 ||     1
  Eat: Chunk             |     8 |     3 ||    11
Armor: Leather armour    |    15 |     5 ||    20
Dodge: Dodged            |    44 |    19 ||    63

Table legend:
 A = Spawn XP
 B = Non-spawn XP
 C = Spawn XP percentage of total XP
 D = Spawn monster count
 E = Non-spawn monster count
 F = Spawn count percentage of total count
 G = Total turns spent on level
                    A         B        C        D         E        F      G
               +---------+---------+-------+---------+---------+-------+---------
         Total |       0 |     203 |   0.0 |       0 |      32 |   0.0 |   922
               +---------+---------+-------+---------+---------+-------+---------
           D:1 |       0 |       1 |   0.0 |       0 |       1 |   0.0 |    54
           D:2 |       0 |       6 |   0.0 |       0 |       2 |   0.0 |    86
           D:3 |       0 |      34 |   0.0 |       0 |      15 |   0.0 |   468
           D:4 |       0 |     118 |   0.0 |       0 |       9 |   0.0 |   239
           D:5 |       0 |      44 |   0.0 |       0 |       5 |   0.0 |    75
               +---------+---------+-------+---------+---------+-------+---------
